Workbook
Name __CPA1: [0]!__CPA1
Name __CXX1: '[1]1'!$F$175:$F$182
Name __CXX2: '[1]2'!$F$175:$F$182
Name __CXX3: '[1]3'!$F$175:$F$182
Name __CXX4: '[1]4'!$F$175:$F$182
Name __CXX5: '[1]5'!$F$175:$F$182
Name __CXX6: '[1]6'!$F$175:$F$182
Name __CXX7: '[1]7'!$F$175:$F$182
Name __CXX8: '[1]8'!$F$175:$F$182
Name __CXX9: '[1]9'!$F$175:$F$182
Name __EXX1: '[1]1'!$F$129:$F$168
Name __EXX2: '[1]2'!$F$129:$F$168
Name __EXX3: '[1]3'!$F$129:$F$168
Name __EXX4: '[1]4'!$F$129:$F$168
Name __EXX5: '[1]5'!$F$129:$F$168
Name __EXX6: '[1]6'!$F$129:$F$168
Name __EXX7: '[1]7'!$F$129:$F$168
Name __EXX8: '[1]8'!$F$129:$F$168
Name __EXX9: '[1]9'!$F$129:$F$168
Name __MXX1: '[1]1'!$F$13:$F$64
Name __MXX2: '[1]2'!$F$13:$F$64
Name __MXX3: '[1]3'!$F$13:$F$64
Name __MXX4: '[1]4'!$F$13:$F$64
Name __MXX5: '[1]5'!$F$13:$F$64
Name __MXX6: '[1]6'!$F$13:$F$64
Name __MXX7: '[1]7'!$F$13:$F$64
Name __MXX8: '[1]8'!$F$13:$F$64
Name __MXX9: '[1]9'!$F$13:$F$64
Name __SXX1: '[1]1'!$F$71:$F$122
Name __SXX2: '[1]2'!$F$71:$F$122
Name __SXX3: '[1]3'!$F$71:$F$122
Name __SXX4: '[1]4'!$F$71:$F$122
Name __SXX5: '[1]5'!$F$71:$F$122
Name __SXX6: '[1]6'!$F$71:$F$122
Name __SXX7: '[1]7'!$F$71:$F$122
Name __SXX8: '[1]8'!$F$71:$F$122
Name __SXX9: '[1]9'!$F$71:$F$122
Name _CPA1: [0]!_CPA1
Name _CXX1: '[1]1'!$F$175:$F$182
Name _CXX2: '[1]2'!$F$175:$F$182
Name _CXX3: '[1]3'!$F$175:$F$182
Name _CXX4: '[1]4'!$F$175:$F$182
Name _CXX5: '[1]5'!$F$175:$F$182
Name _CXX6: '[1]6'!$F$175:$F$182
Name _CXX7: '[1]7'!$F$175:$F$182
Name _CXX8: '[1]8'!$F$175:$F$182
Name _CXX9: '[1]9'!$F$175:$F$182
Name _Eng1: #REF!
Name _Eng1: #REF!
Name _Eng13: #REF!
Name _Eng13: #REF!
Name _Eng15: #REF!
Name _Eng15: #REF!
Name _EXX1: '[1]1'!$F$129:$F$168
Name _EXX2: '[1]2'!$F$129:$F$168
Name _EXX3: '[1]3'!$F$129:$F$168
Name _EXX4: '[1]4'!$F$129:$F$168
Name _EXX5: '[1]5'!$F$129:$F$168
Name _EXX6: '[1]6'!$F$129:$F$168
Name _EXX7: '[1]7'!$F$129:$F$168

Sheet Cover
B14: *Where the word "Bill Of Quantities" is used it shall mean Price Schedule
B17: TENDER NUMBER | H17: :
B20: CONTRACTOR | H20: :
B23: TENDER OFFER | H23: : | I23: Not applicable
B24: (Excluding VAT) | I24: (Contract is rates based)
B27: AUTHORISED SIGNATORY NAME | H27: :
B30: DESIGNATION | H30: : | I30: PROJECT MANAGER
B33: AUTHORISED SIGNATURE | H33: :
B36: DATE | H36: :

Sheet BOQ
C2: Simmerpan Public Address System Phase 2
B4: ITEM NO | C4: DESCRIPTION | D4: UOM | E4: QTY | F4: RATE | G4: AMOUNT
C6: SECTION A: PRELIMINARIES AND GENERAL
C8: Establishment of Facilities on the Site for Contractor
C10: The sums stated for items under this heading shall cover the cost of providing, establishing and commissioning on the site the facilities adequately equipped to enable all the work to commence and to proceed to completion as required in terms of the contract. The Bill must be completed using the technical specification of the project.
C12: The works information is provided and no claims arising from brevity of description of items fully described in the said works information will be entertained
C14: Works Information/scope of work are incorporated to satisfy the requirements of this project. Such information shall take precedence
C16: The contractor's prices for all items throughout this document must take account of and include for all obligations, requirements and specifications given in the said works information/scope of work. No variation will be entertained on the items clearly listed in works information
C18: BILL NO : 1 PRELIMINARY AND GENERAL
C20: Fixed related P&Gs
C22: a) Nameboards | D22: Item | E22: 1
C24: Site Establishment | D24: Sum | E24: 1
C26: Construction and setting out of survey beacons (Including fiber line layout) | D26: Item | E26: 1
C28: Barricading | D28: Item | E28: 1
C30: Site De establishment | D30: Item | E30: 1
C32: Health and Safety
C34: Preparation of Health and Safety File | D34: Once off | E34: 1
C36: Pre-employment medical examination | D36: Per Person | E36: 1
C38: Exit -medical examination | D38: Per Person | E38: 1
C40: Personal Protective Clothing and Equipment (Overall, Hardhat, Gloves, Goggles, ect.) | D40: Per Person | E40: 1
C42: g) Provision of all signage in terms of latest revision legislation | D42: Item | E42: 1
C43: Police Clearance | D43: Per Person | E43: 1
C45: Training
C47: Training NTCSA Staff (Supervisors and Technicians) | D47: Sum | E47: 1
C49: TIME RELATED P&GS
C51: Project Management/Supervision | D51: Monthly | E51: 6
C53: Safety Personnel | D53: Monthly | E53: 6
C55: Transportation for workers | D55: Monthly | E55: 6
C57: Accommodation (Including meals) | D57: Monthly | E57: 6
C59: Consumables (Drills, bolts, cable ties, bolts and nuts) | D59: Monthly | E59: 6
C61: Fiber splicing tool/machine | D61: Monthly | E61: 6
C63: Section Summary carried Forward
C65: SECTION B
C67: BILL NO : 2 EARTHWORKS
C69: DEMOLITIONS AND SITE CLEARANCE
C71: Demolitions:
C73: Breaking up and removing surface concrete | D73: m² | E73: =3000*0.6 -> 1800
C75: Breaking up and removing road surface | D75: m² | E75: =3000*0.6 -> 1800
C77: Disposal of excavated material | D77: m³ | E77: =6000*0.6*0.075 -> 270
C79: Site Clearance:
C81: Removal of rubbish, debris, vegetation, hedges, shrubs and trees not exceeding 200mm girth, bush, etc | D81: m² | E81: 2
C83: EXCAVATIONS, FILLINGS, ETC
C85: Excavate in insitu material not exceeding 1.5m deep and set aside for backfilling:
C87: Cable trenches | D87: m³ | E87: =4000*0.6*0.5 -> 1200
C89: Backfill using material obtained from excavation
C91: Cable trenches | D91: m³ | E91: =10000*0.6*0.5 -> 3000
C93: Bedding:
C95: Riversand bedding around cables | D95: m³ | E95: 15
C97: Keeping excavation free from water:
C99: Keeping excavations free of all water other than subterranean water | D99: Item | E99: 1
C101: Compaction of surfaces:
C103: Compaction of natural excavated ground surfaces | D103: m² | E103: =10000*0.6 -> 6000
C105: Grassing, pitching, etc:
C107: Grassing | D107: m² | E107: =4000*0.6 -> 2400
C109: Section Summary carried Forward
C111: BILL NO : 3 CONCRETE, FORMWORK AND REINFORCEMENT
C113: 25Mpa/19mm:
C115: Walkways | D115: m³ | E115: =3000*0.6*0.25 -> 450
C117: Reinforcement:
C119: High tensile steel | D119: Ton | E119: 3
C121: Mild tensile steel
D122: Ton | E122: 3
C124: Section Summary carried Forward
C126: BILL NO: 4 ELECTRICAL WORK
C128: CABLES - To include all necessary accessories i.e terminations, splicing, etc
C130: Fibre optic single mode heavy duty duct (HDD) fibre cable as specified in ground, in ducts, on cabble ladder, fixed to the surface, etc Rate to exclude excavations which are measured elsewhere. Quantities are provisional and subject to re-measure
C132: 24 Core | D132: m | E132: 10000
C134: Ethernet cabling fixed to surface, including all accessories i.e termination,etc
C136: Cat5e STP | D136: m | E136: 3000
C138: Cat6a | D138: m | E138: 1500
C140: PH30 Fire/Alarm as specified in ducts, on cabble ladder, fixed to the surface, etc to exclude excavations which are measured elsewhere. Quantities are provisional and subject to re-measure
C142: 1.5mm SWA - 4 Core | D142: m | E142: 2500
C144: 1.00mm - 4 Core | D144: m | E144: 10000
C146: 1.5mm - 2 Core | D146: m | E146: 2500
C148: 1.00mm - 2 Core | D148: m | E148: 15000
C150: Conduits
C152: Supply and install PVC Conduit including couplings, ends, round outlet/draw boxes, cutting, bending, waste, cleaned and ready for wiring:
C154: 20mm layed in ground | D154: m | E154: 3000
C156: 20mm fixed in brickwall | D156: m | E156: 3000
C158: Supply and install steel Conduit including couplings, ends, round outlet/draw boxes, cutting, bending, waste, cleaned and ready for wiring:
C160: 20mm layed in gorund | D160: m | E160: 2000
C162: 20mm fixed in brickwall | D162: m | E162: 2000
C164: HDPE Pipe
C166: Road crossing
C168: 40mm OD for fibre optic cabling | D168: m | E168: 10000
C171: ELECTRONIC INSTALLATIONS
C173: EQUIPMENT
C175: Zone 4 Simmer Centre EMPD Building
C177: Equipment rack 600mm wide, 800mm Deep, 42U | D177: No. | E177: 1
C179: AC Distribution panel | D179: No. | E179: 1
C181: 24 Way single mode patch panel | D181: No. | E181: 1
C183: 8 x 10/100/1000 RJ45, 4 x 100/1000SFP | D183: No. | E183: 1
C185: Voice recorder with spare SD/CF card | D185: No. | E185: 1
C187: FM/USB/SD card audio player 1U 19 inch rack size | D187: No. | E187: 1
C189: Voice evacuation frame 4AB for the VX-3000 | D189: No. | E189: 2
C191: Digital power amplifier module 300W | D191: No. | E191: 3
C193: Services terminal (HMI) | D193: No. | E193: 1
C195: Emergency power supply for the VX 3000 | D195: No. | E195: 1
C197: 12 Volt 100 A/H battery (Special seal battery certified for use with VA system) | D197: No. | E197: 2
C199: 2 way fan tray at the panel of each rack | D199: No. | E199: 2
...

Sheet Summary
A2: SIMMERPAN PUBLIC ADDRESS SYSTEM PHASE 2 FOR TRANSMISSION REAL ESTATE
A4: PROVISIONAL BILL OF QUANTITY SUMMARY
A7: BILL NO. | B7: DESCRIPTION | D7: TOTAL AMOUNT
A9: SECTION A
A10: BILL NO 1 | B10: PRELIMINARY AND GENERAL | D10: =BOQ!G63 -> 0
A12: SECTION B
A13: BILL NO 1 | B13: EARTHWORKS | D13: =BOQ!G109 -> 0
A14: BILL NO 2 | B14: CONCRETE, FORMWORK AND REINFORCEMENT | D14: =BOQ!G124 -> 0
A15: BILL NO 3 | B15: ELECTRICAL WORK | D15: =BOQ!G435 -> 0
A17: SECTION C | B17: EXTERNAL WORKS | D17: =BOQ!G501 -> 0
B19: SUB-TOTAL | D19: =SUM(D10:D18) -> 0
B20: ADD:
B21: 15% VAT | C21: 0.15 | D21: =D19*C21 -> 0
B23: TOTAL CARRIED TO FORM OF OFFER AND ACCEPTANCE | D23: =SUM(D19:D22) -> 0
